 Dungeon Crawl Stone Soup version 0.15-a0-1081-gb32516e (console) character file.

205 Che the Insei (level 5, -7/36 HPs)
             Began as an Octopode Monk on May 27, 2014.
             Mangled by Crazy Yiuf
             ... wielding a +4,+4 quarterstaff of chaos
              (15 damage)
             ... on Level 4 of the Dungeon.
             The game lasted 00:05:13 (1213 turns).

Che the Insei (Octopode Monk)                       Turns: 1213, Time: 00:05:13

HP  -7/36        AC  1     Str 11      XL: 5   Next: 83%
MP   1/5         EV 13     Int 13      God:
Gold 179         SH  0     Dex 14      Spells:  0 memorised,  4 levels left

rFire  . . .     SeeInvis .       - Unarmed
rCold  . . .     Clarity  .     (no shield)
rNeg   + . .     Conserve .     (helmet restricted)
rPois  .         rCorr    .     (no amulet)
rElec  .         rRot     .     n - ring of positive energy
SustAb .         Spirit   .     (no ring)
rMut   .         Warding  .     (no ring)
Gourm  .         Stasis   .     (no ring)
MR     .....                    (no ring)
                                (no ring)
                                (no ring)
                                (no ring)

@: not resistant to hostile enchantments, fairly stealthy
A: almost no armour, amphibious, 8 rings, constrict 8, camouflage 1, gelatinous
body 1
a: no special abilities


You were on level 4 of the Dungeon.
You were not hungry.

You visited 1 branch of the dungeon, and saw 4 of its levels.

You collected 179 gold pieces.

Inventory:

Hand weapons
 o - a +2,+2 scythe
Comestibles
 a - 2 meat rations
 b - 3 bread rations
Scrolls
 c - 3 scrolls of identify {unknown}
 f - a scroll of random uselessness {unknown}
 g - a scroll of fog {unknown}
 i - a scroll of remove curse {unknown}
 j - a scroll of magic mapping {unknown}
 k - a scroll of teleportation {unknown}
 p - a scroll of noise {unknown}
Jewellery
 n - a ring of positive energy (left tentacle)
Potions
 d - a potion of brilliance {unknown}
 e - a potion of agility {unknown}
 h - a potion of might {unknown}
 l - a potion of restore abilities {unknown}
 m - a potion of heal wounds {unknown}


   Skills:
 - Level 3.0 Fighting
 - Level 3.0 Dodging
 - Level 2.6 Stealth
 + Level 6.9 Unarmed Combat


You had 4 spell levels left.
You didn't know any spells.

Dungeon Overview and Level Annotations

Branches:
Dungeon (4/15)
 Temple: D:4-7

Altars:

Annotations:
D:4 Crazy Yiuf


Innate Abilities, Weirdness & Mutations

You cannot wear most types of armour.
You are amphibious.
You can wear up to eight rings at the same time.
You can use your tentacles to constrict many enemies at once.
Your skin changes colour to match your surroundings (Stealth).
Your rubbery body absorbs attacks (AC +1).


Message History

You swing at nothing.
You swing at nothing.
You swing at nothing.
You swing at nothing.
Wield which item (- for none, * to show all)? (? for menu, Esc to quit)
You are now empty-tentacled.
Found a hammer.
Crazy Yiuf comes into view.
He is wielding a quarterstaff of chaos.
Crazy Yiuf shouts!
You barely miss Crazy Yiuf. Your grab misses Crazy Yiuf.
Crazy Yiuf says, "Whippet!"
Crazy Yiuf hits you with a quarterstaff of chaos!
* * * LOW HITPOINT WARNING * * *
You feel your power leaking away.
You barely miss Crazy Yiuf. Your grab misses Crazy Yiuf.
Crazy Yiuf barely misses you.
You tentacle-slap Crazy Yiuf but do no damage.
Your grab misses Crazy Yiuf. Your squeeze misses Crazy Yiuf.
Crazy Yiuf hits you with a quarterstaff of chaos!
You die...

##### #)..#
############
#.g.#
#..........#
#.@.#
#..........#
##.##
'......<...#
♣.♣♣
#.>.......##
♣♣.♣
#..<......#
♣.♣♣
########'##
♣♣.♣ #.#
♣♣.♣♣
#####.#
♣♣.P.♣
#.....#
♣P...♣ ###


You could see Crazy Yiuf.

Vanquished Creatures
  Sigmund (D:4)
  An orc wizard (D:3)
  An iguana (D:4)
  A worker ant (D:4)
  An adder (D:2)
  A worm (D:2)
  A giant gecko (D:4)
  4 orcs
  A ball python (D:3)
  4 bats
  4 giant cockroaches
  5 goblins
  6 hobgoblins
  7 kobolds
  An ooze (D:3)
  A giant newt (D:3)
  6 rats
46 creatures vanquished.

Notes
Turn   | Place    | Note
--------------------------------------------------------------
     0 | D:1      | Che, the Octopode Monk, began the quest for the Orb.
     0 | D:1      | Reached XP level 1. HP: 16/16 MP: 1/1
    89 | D:1      | Reached XP level 2. HP: 10/21 MP: 2/2
   414 | D:2      | Reached XP level 3. HP: 26/26 MP: 3/3
   492 | D:2      | Reached skill level 5 in Unarmed Combat
   581 | D:3      | Reached XP level 4. HP: 26/31 MP: 4/4
   871 | D:4      | Reached skill level 6 in Unarmed Combat
  1057 | D:4      | Noticed Sigmund
  1070 | D:4      | Killed Sigmund
  1070 | D:4      | Reached XP level 5. HP: 8/36 MP: 5/5
  1206 | D:4      | Noticed Crazy Yiuf
  1213 | D:4      | Mangled by Crazy Yiuf

Action                   |  1- 3 |  4- 6 || total
-------------------------+-------+-------++-------
Melee: Unarmed           |    70 |    53 ||   123
 Stab: Sleeping          |     7 |     4 ||    11
